 Dungeon Sprint DCSS version 0.31-a0-986-g5e6e4ef867 (webtiles) character file.

Game seed: 4763329732389420579

3845 rocky1 the Fighter (level 10, -17/123 HPs)
             Began as an Ogre Shapeshifter on Nov 6, 2023.
             Was an Initiate of Gozag.
             Demolished by a snapping turtle (27 damage)
             ... in the Dungeon (Sprint VII: "The Pits").
             The game lasted 00:05:13 (1847 turns).

rocky1 the Fighter (Ogre Shapeshifter)              Turns: 1847, Time: 00:05:13

Health: -17/123    AC:  3    Str: 22    XL:     10   Next: 18%
Magic:  10/10      EV: 13    Int: 11    God:    Gozag
Gold:   355        SH:  0    Dex: 10    Spells: 9/9 levels left

rFire   . .          .
                       - Unarmed
rCold   . . .        (no shield)
rNeg    . . .        a - +0 animal skin
rPois   .            (helmet currently unavailable)
rElec   .            (cloak currently unavailable)
rCorr   .            (gloves unavailable)
SInv    .            (boots unavailable)
Will    +....        (no amulet)
Stlth   +            (no ring)
HPRegen 0.40/turn    (no ring)
MPRegen 0.12/turn

%: no teleportation
@: mighty, beast-form, gold aura, hasted, very quick
A: beast (slay +4), large, unfitting armour, tough skin 1
a: Begin Untransformation, Renounce Religion, Potion Petition, Call Merchant,
Bribe Branch


You were in the Dungeon.
You worshipped Gozag.
Gozag was aware of your devotion.
You were a hulking beast.
You visited 1 branch You collected 1845 gold pieces.
You spent 720 gold pieces at shops.
You paid 770 gold pieces to Gozag.

Inventory:

Missiles
 s - 3 curare-tipped darts
Armour
 a - a +0 animal skin (worn)
Jewellery
 b - a +3 ring of strength
 i - a +3 ring of protection
Talismans
 c - a beast talisman
 d - a flux talisman
Wands
 n - a wand of mindburst (8)
Scrolls
 j - a scroll of blinking
 l - 2 scrolls of vulnerability
 m - 5 scrolls of amnesia
Potions
 e - 7 potions of curing
 g - 3 potions of haste
 h - 4 potions of magic
 k - a potion of invisibility
 o - 3 potions of brilliance
 p - a potion of might
 q - 3 potions of mutation
 r - 2 potions of lignification


   Skills:
 + Level 14.5 Fighting
 + Level 10.6 Dodging
 * Level 12.3 Unarmed Combat
 + Level 10.9 Shapeshifting


You had 9 spell levels left.
You didn't know any spells.
Your spell library was empty.

Dungeon Overview and Level Annotations

Branches:
Dungeon (1/1)

Altars:
Ashenzari
Cheibriados
Dithmenos
Elyvilon
Fedhas
Gozag
Hepliaklqana
Kikubaaqudgha
Makhleb
Nemelex Xobeh
Okawaru
Qazlal
Ru
Sif Muna
Trog
Uskayaw
Vehumet
Wu Jian
Xom
Yredelemnul
Zin
The Shining One
Jiyva
Lugonu

Shops:
D !

Annotations:
D Gastronok


Innate Abilities, Weirdness & Mutations

You are a hulking beast.
Your limbs bulge with bestial killing power. (Slay +4)
You are too large for most types of armour.
You have tough skin. (AC +1)


Message History

The snapping turtle barely misses you.
You feel much better.
You carefully extract the barbed spikes from your body.
The hellwing hits you! The hellwing hits you.
The snapping turtle bites you from afar!
You feel very mighty all of a sudden. The hellwing closely misses you.
The hellwing barely misses you.
The snapping turtle bites you from afar!!
* * * LOW HITPOINT WARNING * * *
Unknown command.
You feel much better. The hellwing misses you. The hellwing closely misses you.
The snapping turtle closely misses you.
You feel much better. The hellwing hits you! The hellwing hits you.
The snapping turtle misses you.
Unknown command.
You feel yourself speed up. The hellwing misses you. The hellwing hits you.
The snapping turtle bites you from afar!!
* * * LOW HITPOINT WARNING * * *
Unknown command.
You hit the hellwing.
The hellwing is lightly wounded.
The hellwing hits you!
* * * LOW HITPOINT WARNING * * *
The hellwing hits you.
* * * LOW HITPOINT WARNING * * *
Unknown command.
Okay, then.
Okay, then.
You pummel the hellwing!!
The hellwing is severely wounded.
The snapping turtle barely misses you.
Unknown command.
You hit the hellwing.
The hellwing is almost dead.
The hellwing misses you. x2
You pummel the hellwing!!
You kill the hellwing!
The snapping turtle bites you from afar!!
You die...
Your body crumbles into a pile of gold.

_______...###########++######
#########'##................#
..(.')))'.##......#..#......#
#########.##................+
...........'................+
'#####)#####...∩..#..#......#
)#.....#..##...t.4.Y........#
.#.....#))#####$#####''######
.###'###))##....h..##''#
.#.....#))##.......##4.#
.#.....#[[##.......##.Y# #
)####)##'###...<...##.)# .##
)#.)))....##.......##..# ...#
)#........##.......##.t## Y..w.
'###########.......##...##.Y....
.......#..###########....'Yt....
..#.#..#.############...##.Y....


You could see a snapping turtle.

Vanquished Creatures
  A sea snake (D)
  A bog body (D)
  Pikel (D)
  A red devil (D)
  2 hellwings (D)
  3 dream sheep (D)
  2 glass eyes (D)
  An ice beast (D)
  5 wights (D)
  2 orc priests (D)
  2 orc wizards (D)
  A gnoll (D)
  An adder (D)
  A river rat (D)
  2 ufetubi (D)
  A worm (D)
  A ball python (D)
  A bat skeleton (D)
  2 endoplasms (D)
  A goblin (D)
  A hobgoblin (D)
  A quokka (D)
  A quokka skeleton (D)
35 creatures vanquished.

Vanquished Creatures (collateral kills)
  Sonja (D)
1 creature vanquished.

Grand Total: 36 creatures vanquished

Notes
Turn   | Place    | Note
-------+----------+-------------------------------------------
     0 | D        | rocky1 the Ogre Shapeshifter began the quest for the Orb.
     0 | D        | Reached XP level 1. HP: 19/19 MP: 1/1
    41 | D        | Found a bloodstained altar of Trog.
    41 | D        | Found a shimmering blue altar of Sif Muna.
    41 | D        | Found a viscous altar of Jiyva.
    41 | D        | Found a hazy altar of Hepliaklqana.
    41 | D        | Found an opulent altar of Gozag.
    42 | D        | Found a glowing golden altar of the Shining One.
    42 | D        | Found a glowing silver altar of Zin.
    42 | D        | Found a basalt altar of Yredelemnul.
    42 | D        | Found a shimmering altar of Xom.
    42 | D        | Found an ornate altar of the Wu Jian Council.
    42 | D        | Found a sacrificial altar of Ru.
    42 | D        | Found a stormy altar of Qazlal.
    42 | D        | Found an iron altar of Okawaru.
    42 | D        | Found a sparkling altar of Nemelex Xobeh.
    42 | D        | Found a burning altar of Makhleb.
    42 | D        | Found a blossoming altar of Fedhas.
    42 | D        | Found a white marble altar of Elyvilon.
    42 | D        | Found a shadowy altar of Dithmenos.
    42 | D        | Found a snail-covered altar of Cheibriados.
    45 | D        | Found a corrupted altar of Lugonu.
    45 | D        | Found a radiant altar of Vehumet.
    46 | D        | Found an ancient bone altar of Kikubaaqudgha.
    46 | D        | Found a hide-covered altar of Uskayaw.
    46 | D        | Found a broken altar of Ashenzari.
    49 | D        | Became a worshipper of Gozag Ym Sagoz the Greedy
    60 | D        | Noticed a glass eye
    64 | D        | Reached skill level 2 in Fighting
    93 | D        | Killed a glass eye
    94 | D        | Reached skill level 7 in Fighting
    94 | D        | Reached skill level 5 in Dodging
    94 | D        | Reached skill level 5 in Unarmed Combat
    94 | D        | Reached skill level 5 in Shapeshifting
    94 | D        | Reached XP level 2. HP: 40/40 MP: 2/2
    94 | D        | Reached XP level 3. HP: 46/46 MP: 3/3
    94 | D        | Reached XP level 4. HP: 55/55 MP: 4/4
    94 | D        | Reached XP level 5. HP: 62/62 MP: 5/5
   171 | D        | Reached XP level 6. HP: 72/72 MP: 6/6
   176 | D        | Reached skill level 8 in Fighting
   394 | D        | Reached skill level 9 in Fighting
   401 | D        | Reached XP level 7. HP: 34/84 MP: 7/7
   538 | D        | Reached skill level 10 in Fighting
   713 | D        | Noticed a sea snake
   724 | D        | Killed a sea snake
   725 | D        | Reached skill level 11 in Fighting
   725 | D        | Reached XP level 8. HP: 82/98 MP: 8/8
   919 | D        | Noticed Pikel
   929 | D        | Killed Pikel
   930 | D        | Reached skill level 12 in Fighting
   930 | D        | Reached XP level 9. HP: 97/109 MP: 9/9
   962 | D        | Noticed a hellwing
   984 | D        | Killed a hellwing
   985 | D        | Reached skill level 10 in Unarmed Combat
   986 | D        | Reached skill level 13 in Fighting
  1440 | D        | Bought a potion of mutation for 128 gold pieces
  1440 | D        | Bought a potion of curing for 48 gold pieces
  1440 | D        | Bought a potion of heal wounds for 80 gold pieces
  1440 | D        | Bought a potion of lignification for 48 gold pieces
  1440 | D        | Bought a potion of curing for 48 gold pieces
  1440 | D        | Bought 2 potions of mutation for 256 gold pieces
  1440 | D        | Bought a potion of lignification for 48 gold pieces
  1440 | D        | Bought a potion of might for 64 gold pieces
  1557 | D        | Noticed a bog body
  1561 | D        | Noticed Sonja
  1566 | D        | Killed a bog body
  1567 | D        | Reached skill level 10 in Shapeshifting
  1589 | D        | Killed Sonja
  1590 | D        | Reached skill level 14 in Fighting
  1590 | D        | Reached skill level 10 in Dodging
  1802 | D        | Noticed Gastronok
  1802 | D        | Noticed a hellwing
  1802 | D        | Noticed a red devil
  1825 | D        | Killed a red devil
  1826 | D        | Reached XP level 10. HP: 53/122 MP: 10/10
  1847 | D        | Demolished by a snapping turtle

Illustrated notes

Levels and vault maps discovered:
D:        pitsprint [storerooms_1, entrance_room_1, metal_vault_3, armoury_1,
          mini_pit_1, grid_room_1, main_hall_1, silver_pit, the_coven_1,
          the_vestibule_1, steel_vault_5, golden_pit, hallway_of_sentries,
          crystal_vault_2, iron_vault_5, final_vault]

Skill      XL: |  1  2  3  4  5  6  7  8  9 10 |
---------------+-------------------------------+-----
Dodging        | 5 6 8 9 10 | 10.6
Fighting       | 7 9 11 12 14 | 14.5
Unarmed Combat | 5 6 7 8 9 11 12 | 12.3
Shapeshifting  | 5 6 7 9 10 | 10.9

Action                     |  1- 3 |  4- 6 |  7- 9 | 10-12 || total
---------------------------+-------+-------+-------+-------++-------
  Melee: Unarmed           |    34 |    35 |    79 |    14 ||   162
         Punch             |       |       |     3 |     1 ||     4
 Invoke: Call Merchant     |       |       |     1 |       ||     1
    Use: Potion            |       |     3 |     9 |     6 ||    18
         Scroll            |       |       |     1 |       ||     1
   Stab: Distracted        |       |       |     1 |       ||     1
         Invisible         |       |       |     1 |       ||     1
 Armour: Animal skin       |       |    42 |    46 |    18 ||   106
         Skin              |       |       |    14 |       ||    14
  Dodge: Dodged            |     2 |    24 |    30 |    13 ||    69

Table legend: (Time is in decaauts)
 A = Elapsed time spent in this place.
 B = Non-inter-level travel time spent in this place.
 C = Inter-level travel time spent in this place.
 D = Time resting spent in this place.
 E = Time spent auto-exploring this place.
 F = Levels seen in this place.
 G = Mean time per level.
                   A        B        C        D        E       F      G
               +--------+--------+--------+--------+--------+-----+--------+
         Total |   1854 |   1792 |     62 |   1278 |      0 |   1 | 1854.0 |
       Dungeon |   1854 |   1792 |     62 |   1278 |      0 |   1 | 1854.0 |
               +--------+--------+--------+--------+--------+-----+--------+

Top non-repeatable levels by time:
       D: 1854 daAuts
